 Dungeon Crawl Stone Soup version 0.28.0-53-g5a82cb258f (console) character file.

Game seed: 7787298928962626672

39571 erker the Transmogrifier (level 14, -13/85 HPs)
             Began as an Octopode Earth Elementalist on July 28, 2022.
             Was an Initiate of Gozag.
             Mangled by a death yak (24 damage)
             ... on level 6 of the Lair of Beasts on July 30, 2022.
             The game lasted 02:40:28 (22459 turns).

erker the Transmogrifier (OpEE)                    Turns: 22459, Time: 02:40:29

Health: -13/85     AC:  1    Str:  8    XL:     14   Next: 7%
Magic:  26/26      EV: 14    Int: 28    God:    Gozag
Gold:   2857       SH:  0    Dex: 12    Spells: 7/30 levels left

rFire   + . .      SeeInvis .   a - +2 dagger (venom)
rCold   . . .      Faith    .   I - orb {guile}
rNeg    . . .      Spirit   .   (helmet restricted)
rPois   .          Reflect  .   (no amulet)
rElec   .          Harm     .   i - ring of protection from fire
rCorr   .          Rampage  .   R - +6 ring of intelligence
Will    .....                   (no ring)
Stlth   ++++++....              (no ring)
HPRegen 0.24/turn               (no ring)
MPRegen 0.20/turn               (no ring)
                                (no ring)
                                (no ring)

@: no status effects
A: almost no armour, amphibious, 8 rings, camouflage 1, gelatinous body 1,
(nimble swimmer 1), tentacles
a: Renounce Religion, Potion Petition, Call Merchant, Bribe Branch


You were on level 6 of the Lair of Beasts.
You worshipped Gozag.
Gozag was most pleased with you.
You visited 3 branches of the dungeon, and saw 17 of its levels.

You collected 3168 gold pieces.
You spent 240 gold pieces at shops.
You paid 71 gold pieces to Gozag.

Inventory:

Hand Weapons
 a - a +2 dagger of venom (weapon)
 D - the +9 staff of Wucad Mu {*channel}
   (You acquired it on level 5 of the Lair of Beasts)

   It occasionally powers its wielder's spells, but with a chance of causing
   confusion or draining the wielder's intelligence.
   It becomes more likely to activate and less likely to backfire with increased
   Evocations skill.
Missiles
 b - 131 stones
 e - 34 poisoned darts (quivered)
 q - 2 atropa-tipped darts
 u - 2 boomerangs of dispersal
 y - 3 throwing nets
 H - 5 curare-tipped darts
Armour
 A - a +0 buckler
 I - an orb of guile (worn)
Magical Staves
 N - a staff of conjuration
Jewellery
 i - a ring of protection from fire (left tentacle)
 R - a +6 ring of intelligence (right tentacle)
Wands
 g - a wand of polymorph (6)
 B - a wand of acid (7)
 E - a wand of mindburst (24)
 G - a wand of flame (9)
 J - a wand of digging (2)
Scrolls
 c - 2 scrolls of noise {unknown}
 f - 3 scrolls of fog {unknown}
 k - 4 scrolls of teleportation
 m - 3 scrolls of enchant weapon {unknown}
 n - 2 scrolls of magic mapping {unknown}
 r - a scroll of vulnerability {unknown}
 s - 2 scrolls of blinking {unknown}
 t - 2 scrolls of enchant armour {unknown}
 x - a scroll of holy word {unknown}
 F - 2 scrolls of fear {unknown}
 K - a scroll of silence
 L - a scroll of immolation
 O - a scroll of identify
 Q - a scroll of brand weapon {unknown}
Potions
 d - 3 potions of berserk rage
 h - 2 potions of invisibility
 l - 3 potions of curing
 o - a potion of haste
 p - 2 potions of lignification {unknown}
 v - a potion of brilliance {unknown}
 w - 2 potions of might {unknown}
 z - 2 potions of flight {unknown}
 C - 2 potions of mutation {unknown}
 M - 2 potions of cancellation {unknown}
Miscellaneous
 P - a phial of floods


   Skills:
 - Level 4.0 Fighting
 + Level 3.9 Short Blades
 - Level 4.0 Dodging
 - Level 11.0 Stealth
 + Level 8.9 Spellcasting
 - Level 2.0 Conjurations
 - Level 2.0 Hexes
 + Level 7.3 Summonings
 - Level 6.0 Translocations
 - Level 12.0 Transmutations
 + Level 3.9 Air Magic
 - Level 12.0 Earth Magic
 + Level 1.6 Evocations


You had 7 spell levels left.
You knew the following spells:

 Your Spells              Type           Power      Damage    Failure   Level
a - Sandblast             Erth           100%       2d20      1%          1
b - Blink                 Tloc           92%        N/A       1%          2
d - Call Canine Familiar  Summ           52%        N/A       1%          3
g - Summon Guardian Gole  Hex/Summ       38%        N/A       1%          3
p - Petrify               Tmut/Erth      68%        N/A       1%          4
v - Storm Form            Tmut/Air       27%        N/A       82%         7
w - Passwall              Tmut/Erth      56%        N/A       1%          2
x - Apportation           Tloc           92%        N/A       1%          1

Your spell library contained the following spells:

 Spells                   Type           Power      Damage    Failure   Level
 Beastly Appendage        Tmut           100%       N/A       1%          1
 Summon Small Mammal      Summ           100%       N/A       1%          1
 Static Discharge         Conj/Air       29%        N/A       1%          2
 Wereblood                Tmut           68%        N/A       1%          2
 Spider Form              Tmut/Pois      46%        N/A       1%          3
 Stone Arrow              Conj/Erth      100%       3d13      1%          3
 Ignite Poison            Fire/Tmut/Pois 34%        N/A       2%          3
 Animate Skeleton         Necr           24%        N/A       4%          1
 Mephitic Cloud           Conj/Pois/Air  23%        N/A       6%          3
 Manifold Assault         Tloc           46%        N/A       11%         5
 Lightning Bolt           Conj/Air       14%        1d28      36%         5
 Freezing Cloud           Conj/Ice/Air   11%        6-21      50%         5
 Spellforged Servitor     Conj/Summ      19%        N/A       99%         7
 Orb of Destruction       Conj           11%        9d6       100%        7
 Maxwell's Capacitive Co  Air            17%        ∞         100%        8


Dungeon Overview and Level Annotations

Branches:
Dungeon (10/15)            Temple (1/1) D:7            Lair (6/6) D:8
  Swamp (0/4) Lair:2        Snake (0/4) Lair:3        Slime (0/5) Lair:5
    Orc: D:9-12

Altars:
Ashenzari
Dithmenos
Elyvilon
Fedhas
Gozag
Hepliaklqana
Kikubaaqudgha
Makhleb
Nemelex Xobeh
Okawaru
Qazlal
Sif Muna
Trog
Uskayaw
Vehumet
Wu Jian
Xom
Yredelemnul
Zin
The Shining One
Jiyva

Shops:
D:4 :   D:5 (

Annotations:
D:2 Sigmund
D:8 Harold
D:9 exclusions: centaur and hornet, Erica
D:10 Psyche


Innate Abilities, Weirdness & Mutations

You cannot wear most types of armour.
You are amphibious.
You can wear up to eight rings at the same time.
Your skin changes colour to match your surroundings (Stealth+).
Your rubbery body absorbs attacks. (AC +1, EV +1)
((You are camouflaged when in or above water. (Stealth+)))
You have tentacles for arms and can constrict up to eight enemies at once.


Message History

You now have 2857 gold pieces (gained 18).
There is a stone staircase leading down here.
You start resting.
Magic restored.
You start resting.
HP restored.
You climb downwards.
The death yak gores you!! The yak gores you. The death yak gores you!!
The yak gores you!
* * * LOW HITPOINT WARNING * * *
The death yak bellows!
There is a stone staircase leading up, spattered with blood here.
Okay, then.
Unknown command.
Unknown command.
Unknown command.
Unknown command.
Unknown command.
Unknown command.
Unknown command.
Unknown command.
Unknown command.
Press: ? - help, v - describe, . - travel
Here: a death yak The floor.
Unknown command.
Unknown command.
Unknown command.
Unknown command.
Unknown command.
Unknown command.
Unknown command.
Unknown command.
Unknown command.
Unknown command.
Unknown command.
You feel much better. The death yak gores you!!
* * * LOW HITPOINT WARNING * * *
The death yak gores you!!
You die...
Your body crumbles into a pile of gold.

#.... P... #..#
#..#####..#
##......... $ #...#
##..# .# #.## #.#
##.@# #####..###..
#YY.###...#...#...
#.Y###............P
##Y#..............##
#....§YY...........#
#..Y.§#Y.....#....#
#....#Y.)...P#...#
##...###Y#...#...##
###....#.....#P..#


You could see 3 death yaks and a yak.

Vanquished Creatures
  2 hydras
  Fannar (Lair:1)
  A boulder beetle (Lair:4)
  11 death yaks
  A two-headed ogre (D:9)
  Nergalle (Lair:2)
  Sonja (Lair:3)
  A swamp dragon (Lair:2)
  2 black mambas
  5 elephants
  A torpor snail (Lair:5)
  12 cane toads
  3 rime drakes
  2 komodo dragons (Lair:4)
  A kobold demonologist (D:9)
  A polar bear (Lair:4)
  4 blink frogs (Lair:3)
  7 dream sheep
  A wraith (D:10)
  Eustachio (D:5)
  4 wyverns
  5 basilisks
  20 yaks
  2 steam dragons
  11 water moccasins
  2 nagas (Lair:3)
  2 ice beasts
  2 sky beasts (D:6)
  A hornet zombie (D:8)
  2 ogres
  5 necrophages
  8 wolves
  3 phantoms
  2 centaurs
  3 kobold brigands
  A wyvern zombie (D:7)
  12 bullfrogs
  A gnoll sergeant (D:7)
  A scorpion (D:4)
  2 water moccasin zombies
  3 killer bees (D:6)
  A wight (D:7)
  A howler monkey (D:7)
  An electric eel (Lair:4)
  A bullfrog zombie (D:7)
  3 centaur zombies
  12 jellies
  2 hounds
  A human zombie (D:7)
  3 centaur skeletons
  2 orc priests
  2 bullfrog skeletons (D:5)
  2 iguanas (Lair:2)
  6 orc wizards
  2 killer bee zombies
  A hound zombie (D:5)
  2 howler monkey zombies
  A mummy (D:7)
  7 adders
  7 gnolls
  A white imp (D:6)
  2 ufetubi
  2 worms (D:2)
  2 dart slugs
  28 orcs
  8 endoplasms
  3 giant cockroaches
  2 goblins
  4 hobgoblins
  A quokka (D:1)
  3 training dummies (D:5)
  11 ball pythons
  3 bats
  3 frilled lizards
  20 kobolds
  A quokka skeleton (D:4)
  7 rats
309 creatures vanquished.

Vanquished Creatures (collateral kills)
  A blink frog (Lair:3)
  4 dream sheep (Lair:5)
  3 yaks
  4 jellies (Lair:5)
  A kobold (D:10)
13 creatures vanquished.

Vanquished Creatures (others)
  5 death yaks
  A black mamba (Lair:3)
  A rime drake (Lair:3)
  3 dream sheep (Lair:5)
  A slime creature (Lair:5)
  12 yaks
  3 nagas (Lair:3)
  A water moccasin (Lair:6)
  A human (D:5)
  3 wolves (Lair:3)
  5 jellies (Lair:5)
  11 endoplasms (Lair:5)
  56 fungi
  51 plants
154 creatures vanquished.

Grand Total: 476 creatures vanquished

Notes
Turn   | Place    | Note
-------+----------+-------------------------------------------
     0 | D:1      | erker the Octopode Earth Elementalist began the quest for
                  | the Orb.
     0 | D:1      | Reached XP level 1. HP: 11/11 MP: 3/3
   385 | D:1      | Reached XP level 2. HP: 13/17 MP: 5/5
   388 | D:1      | Learned a level 2 spell: Passwall
  1049 | D:2      | Reached XP level 3. HP: 18/21 MP: 6/6
  1124 | D:2      | Reached skill level 1 in Short Blades
  1153 | D:2      | Noticed Sigmund
  1921 | D:2      | Found a faded altar of an unknown god.
  2085 | D:3      | Reached XP level 4. HP: 27/27 MP: 5/7
  2310 | D:3      | Found a glowing silver altar of Zin.
  2816 | D:4      | Reached XP level 5. HP: 17/31 MP: 3/8
  2864 | D:4      | Found a white marble altar of Elyvilon.
  3309 | D:4      | Found a bloodstained altar of Trog.
  3933 | D:4      | Noticed an ogre
  3947 | D:3      | Reached XP level 6. HP: 31/36 MP: 7/9
  4029 | D:3      | Learned a level 4 spell: Petrify
  4230 | D:4      | Found Miyss's Book Emporium.
  4675 | D:5      | Entered Level 5 of the Dungeon
  4796 | D:5      | Found a sparkling altar of Nemelex Xobeh.
  4860 | D:5      | Found a hazy altar of Hepliaklqana.
  4997 | D:5      | Found an ancient bone altar of Kikubaaqudgha.
  4997 | D:5      | Noticed a human
  5012 | D:5      | Reached skill level 5 in Transmutations
  5012 | D:5      | Reached skill level 5 in Earth Magic
  5012 | D:5      | Reached XP level 7. HP: 31/41 MP: 2/10
  5082 | D:5      | Killed a human
  5602 | D:5      | Noticed Eustachio
  5684 | D:5      | Killed Eustachio
  5685 | D:5      | Reached XP level 8. HP: 46/46 MP: 7/11
  5936 | D:5      | Reached skill level 5 in Stealth
  5971 | D:5      | Found Hien's Firing Range.
  6648 | D:6      | Identified the +2 ring mail "Cupomifep" {rF+}
  7437 | D:6      | Found a stormy altar of Qazlal.
  7533 | D:7      | Found a staircase to the Ecumenical Temple.
  7542 | Temple   | Entered the Ecumenical Temple
  7700 | Temple   | Became a worshipper of Gozag Ym Sagoz the Greedy
  8124 | D:6      | Reached XP level 9. HP: 43/51 MP: 8/13
  9675 | D:7      | Reached skill level 1 in Fighting
  9750 | D:7      | Found a basalt altar of Yredelemnul.
 10307 | D:8      | Learned a level 2 spell: Blink
 10425 | D:8      | Noticed Harold
 10474 | D:8      | Found a shimmering blue altar of Sif Muna.
 10493 | D:8      | Found a glowing golden altar of the Shining One.
 10532 | D:8      | Reached skill level 1 in Translocations
 10794 | D:8      | Reached XP level 10. HP: 42/60 MP: 14/16
 10843 | D:8      | Noticed an elephant
 10953 | D:9      | Noticed Erica
 10978 | D:9      | Noticed a kobold demonologist
 10988 | D:9      | Killed a kobold demonologist
 11254 | D:9      | Found a shadowy altar of Dithmenos.
 11258 | D:9      | Reached skill level 10 in Transmutations
 11431 | D:9      | Noticed a two-headed ogre
 11477 | D:9      | Killed a two-headed ogre
 11478 | D:9      | Reached skill level 5 in Spellcasting
 12004 | D:4      | Bought a book of Callings for 240 gold pieces
 12008 | D:4      | Learned a level 3 spell: Summon Guardian Golem
 12170 | D:8      | Killed an elephant
 12171 | D:8      | Reached skill level 1 in Hexes
 12171 | D:8      | Reached skill level 1 in Summonings
 12260 | D:8      | Found a staircase to the Lair.
 12331 | D:8      | Learned a level 3 spell: Call Canine Familiar
 12972 | D:10     | Entered Level 10 of the Dungeon
 13024 | D:10     | Noticed a two-headed ogre
 13180 | D:10     | Noticed Psyche
 13478 | Lair:1   | Entered Level 1 of the Lair of Beasts
 13516 | Lair:1   | Reached XP level 11. HP: 64/64 MP: 16/19
 13634 | Lair:1   | You fall into a shaft and drop 1 floor!
 13646 | Lair:1   | Noticed an eight-headed hydra
 13659 | Lair:1   | Killed an eight-headed hydra
 13661 | Lair:1   | Reached skill level 10 in Earth Magic
 14196 | Lair:1   | Noticed Fannar
 14212 | Lair:1   | Killed Fannar
 14213 | Lair:1   | Reached skill level 5 in Translocations
 14910 | Lair:2   | Learned a level 1 spell: Apportation
 15347 | Lair:2   | Noticed a swamp dragon
 15361 | Lair:2   | Killed a swamp dragon
 15784 | Lair:2   | Noticed Nergalle
 15792 | Lair:2   | Found a staircase to the Swamp.
 15804 | Lair:2   | Killed Nergalle
 16129 | Lair:2   | Reached XP level 12. HP: 70/70 MP: 17/21
 16364 | Lair:3   | Noticed a death yak
 16709 | Lair:3   | Reached skill level 5 in Summonings
 16868 | Lair:3   | Noticed a death yak
 16886 | Lair:3   | Noticed a death yak
 16888 | Lair:3   | Noticed a death yak
 16902 | Lair:3   | Noticed a death yak
 16908 | Lair:3   | Killed a death yak
 16909 | Lair:3   | Noticed Sonja
 16909 | Lair:3   | Killed a death yak
 17388 | Lair:3   | Killed Sonja
 17565 | Lair:3   | Found a staircase to the Snake Pit.
 17704 | Lair:3   | Killed a death yak
 17725 | Lair:3   | Killed a death yak
 17726 | Lair:3   | Reached skill level 10 in Stealth
 18071 | Lair:3   | Killed a death yak
 18509 | Lair:4   | Reached skill level 1 in Conjurations
 18603 | Lair:4   | Noticed a boulder beetle
 18961 | Lair:4   | Killed a boulder beetle
 18962 | Lair:4   | Reached XP level 13. HP: 77/77 MP: 18/25
 20398 | Lair:4   | Learned a level 7 spell: Storm Form
 20778 | Lair:4   | Reached skill level 1 in Air Magic
 21336 | Lair:5   | Identified a scroll of acquirement
 21450 | Lair:5   | Found a staircase to the Slime Pits.
 22007 | Lair:5   | Acquired the +9 staff of Wucad Mu {*channel}
 22007 | Lair:5   | Found the +9 staff of Wucad Mu {*channel}
 22019 | Lair:6   | Entered Level 6 of the Lair of Beasts
 22097 | Lair:6   | Reached XP level 14. HP: 57/85 MP: 4/26
 22102 | Lair:6   | Reached skill level 1 in Evocations
 22459 | Lair:6   | Mangled by a death yak

Illustrated notes

Levels and vault maps discovered:
D:1:      wander_arrival_abandoned_jail, layout_basic
D:2:      layout_loops_ring, shapermc_ecumenical_altar_hornbeckon, uniq_sigmund
D:3:      layout_basic, mainiacjoe_overflow_brackets
D:4:      layout_basic, mainiacjoe_overflow_paths, nicolae_elyvilon_temple_path,
          serial_shops, nicolae_diamond_shop, hangedman_abyss_or_decor_slice,
          grunt_decor_resistance
D:5:      layout_cave_pods, tgw_kikubaaqudgha, mainiacjoe_overflow_alcove_1,
          mainiacjoe_overflow_alcove_4, kennysheep_minor_cross,
          nicolae_shop_firing_range, uniq_eustachio
D:6:      layout_basic, overflow_temple_1_default
D:7:      layout_cave_pools, lemuel_mausoleum_altar_yredelemnul,
          minmay_temple_entry_waves, kennysheep_generic_room_11
D:8:      layout_basic, lemuel_doored_altar, mainiacjoe_overflow_boulevard,
          david_lair_generic, uniq_harold
D:9:      layout_basic, mainiacjoe_overflow_cross_hatched, uniq_erica
D:10:     layout_irregular_city, nicolae_ru_great_annihilating_truth,
          kennysheep_slug_shrine, serial_park_tiny_1, kennysheep_doodads,
          uniq_josephine, uniq_psyche
Temple:   pf_slime_end_temple
Lair:1:   layout_misc_corridors, uniq_fannar
Lair:2:   layout_cave_pods, minmay_swamp_entry_reptiles, uniq_nergalle
Lair:3:   layout_loops_ring, minmay_snake_entry_guardpost_medium, uniq_sonja
Lair:4:   layout_cave_pods, grunt_megastairs_4, serial_bayou_shore_a,
          infiniplex_staircase_pool
Lair:5:   lemuel_slime, layout_small_grid, minmay_slime_entry_jelly_boxes,
          minivault_25
Lair:6:   evilmike_catoblepas_cave, layout_loops_ring, st_stairs_3,
          columned_hall_lemuel, nzn_masters_of_martial_movement

Skill      XL: |  1  2  3  4  5  6  7  8  9 10 11 12 13 14 |
---------------+-------------------------------------------+-----
Stealth        | 3 4 6 8 11 | 11.0
Short Blades   | 1 2 3 |  3.9
Earth Magic    | 4 5 6 8 9 10 12 | 12.0
Transmutations | 2 4 5 6 8 10 11 12 | 12.0
Spellcasting   | 3 4 5 6 8 |  8.9
Fighting       | 2 3 4 |  4.0
Translocations | 1 2 6 |  6.0
Hexes          | 2 |  2.0
Summonings     | 2 4 6 7 |  7.3
Conjurations   | 2 |  2.0
Dodging        | 3 4 |  4.0
Air Magic      | 3 |  3.9
Evocations     | 1 |  1.6

Action                   |  1- 3 |  4- 6 |  7- 9 | 10-12 | 13-15 || total
-------------------------+-------+-------+-------+-------+-------++-------
Melee: Unarmed           |    28 |       |       |       |       ||    28
       Tentacles         |    19 |    15 |    29 |    63 |    37 ||   163
       Constrict         |    12 |    18 |    23 |    32 |    11 ||    96
       Punch             |     2 |       |     3 |     6 |     6 ||    17
       Dagger            |    35 |    67 |   121 |   187 |   119 ||   529
Throw: Dart              |       |     8 |     5 |    16 |     6 ||    35
       Stone             |       |     2 |       |       |       ||     2
 Cast: Sandblast         |    11 |    60 |    92 |    71 |    20 ||   254
       Passwall          |     1 |     5 |    14 |     7 |       ||    27
       Petrify           |       |     2 |    23 |    86 |    42 ||   153
       Call Canine Famil |       |       |       |    24 |    15 ||    39
       Summon Guardian G |       |       |       |    14 |    13 ||    27
       Blink             |       |       |       |     2 |       ||     2
Evoke: Wand              |       |       |       |     9 |     2 ||    11
  Use: Scroll            |       |       |     1 |     6 |     5 ||    12
       Potion            |       |       |       |     6 |     1 ||     7
 Stab: Sleeping          |    15 |     5 |    18 |     4 |    12 ||    54
       Distracted        |       |     1 |       |     1 |       ||     2
       Petrified         |       |     4 |    38 |   141 |    85 ||   268
       Petrifying        |       |       |       |     1 |     4 ||     5
Armor: Skin              |     1 |     9 |     4 |     4 |     1 ||    19
Dodge: Dodged            |    34 |    50 |    61 |    64 |    19 ||   228
